 Dungeon Sprint DCSS version 0.21-a0-270-g8204059 (webtiles) character file.

1418 potatolord6000 the Fighter (level 8, -3/70 HPs)
             Began as a Mummy Fighter on Sept 13, 2017.
             Was an Elder of Kikubaaqudgha.
             Slain by a spriggan rider
             ... wielding a +0 spear
              (17 damage)
             ... in the Dungeon (Sprint V: "Ziggurat Sprint").
             The game lasted 00:04:03 (426 turns).

potatolord6000 the Fighter (Mummy Fighter)           Turns: 426, Time: 00:04:04

Health: -3/70      AC: 23    Str: 28    XL:     8   Next: 43%
Magic:  14/19      EV: -1    Int:  7    God:    Kikubaaqudgha [****..]
Gold:   0          SH: 29    Dex: 11    Spells: 3/22 levels left

rFire    x . .     SeeInvis .   e - +9 sword of Zonguldrok {reap}
rCold    + . .     Gourm    .   f - +18 shield of the Gong {rElec rN+ MR+ EV-5}
rNeg     + + +     Faith    .   a - +5 crystal plate armour
rPois    ∞         Spirit   .   (no helmet)
rElec    +         Reflect  .   (no cloak)
rCorr    .         Harm     .   (no gloves)
MR       ++...     NoTele   +   (no boots)
Stlth    ..........             (no amulet)
HPRegen  0.21/turn              o - +6 ring of strength
MPRegen  0.16/turn              l - +3 ring of slaying

@: very slightly contaminated
A: no food or potions, fire vulnerability, cold resistance 1, negative energy
resistance 3, torment resistance, unbreathing
a: Receive Corpses, Renounce Religion


You were in the Dungeon.
You worshipped Kikubaaqudgha.
Kikubaaqudgha was greatly pleased with you.
You were not hungry.

You visited 1 branch

Inventory:

Hand Weapons
 e - the +9 sword of Zonguldrok (weapon) {reap}
   (You found it in the Dungeon)

   If a monster killed with it leaves a corpse in good enough shape, the corpse
   will be animated as a zombie friendly to the killer.
Armour
 a - a +5 crystal plate armour (worn)
 f - the +18 shield of the Gong (worn) {rElec rN+ MR+ EV-5}
   (You found it in the Dungeon)

   It affects your evasion (-5).
   It insulates you from electricity.
   It protects you from negative energy.
   It affects your resistance to hostile enchantments.
Jewellery
 l - a +3 ring of slaying (right hand)
 o - a +6 ring of strength (left hand)
Scrolls
 b - 4 scrolls of amnesia
 c - 3 scrolls of recharging
 d - 3 scrolls of blinking
 g - 7 scrolls of fog
 h - 5 scrolls of identify
 i - 5 scrolls of remove curse
Books
 k - Kikubaaqudgha's Almanac of Darkness
   (Kikubaaqudgha gifted it to you in the Dungeon)

   Spells                             Type                      Level
   a - Animate Skeleton               Necromancy                   1
   b - Pain                           Necromancy                   1
   c - Corpse Rot                     Necromancy                   2
   d - Vampiric Draining              Necromancy                   3
   e - Control Undead                 Necromancy                   4
 m - Kikubaaqudgha's Guide on Sinister Arts
   (Kikubaaqudgha gifted it to you in the Dungeon)

   Spells                             Type                      Level
   a - Excruciating Wounds            Charms/Necromancy            5
   b - Bolt of Draining               Conjuration/Necromancy       5
   c - Cigotuvi's Embrace             Necromancy                   5
   d - Dispel Undead                  Necromancy                   5
   e - Death Channel                  Necromancy                   6


   Skills:
 + Level 8.9 Fighting
 + Level 7.1 Long Blades
 + Level 7.3 Armour
 + Level 7.3 Shields
 + Level 7.8 Spellcasting
 + Level 6.4 Necromancy


You had 3 spell levels left.
You knew the following spells:

 Your Spells              Type           Power        Failure   Level  Hunger
a - Animate Skeleton      Necr           N/A          85%         1    N/A
b - Control Undead        Necr           ##........   100%        4    N/A
c - Vampiric Draining     Necr           ##........   99%         3    N/A
d - Death Channel         Necr           ##........   100%        6    N/A
e - Cigotuvi's Embrace    Necr           ##........   100%        5    N/A

Dungeon Overview and Level Annotations

Branches:
Dungeon (1/1)

Altars:
Ashenzari
Cheibriados
Dithmenos
Elyvilon
Fedhas
Gozag
Hepliaklqana
Kikubaaqudgha
Makhleb
Nemelex Xobeh
Okawaru
Qazlal
Ru
Sif Muna
Trog
Uskayaw
Vehumet
Wu Jian
Xom
Yredelemnul
Zin
The Shining One
Beogh
Jiyva
Lugonu

Annotations:
D 1 transporter


Innate Abilities, Weirdness & Mutations

You do not eat or drink.
Your flesh is vulnerable to fire.
You are immune to poison.
Your flesh is cold resistant. (rC+)
You are immune to negative energy. (rN+++)
You are immune to unholy pain and torment.
You can survive without breathing.


Message History

You kill the spriggan!
Kikubaaqudgha accepts your kill.
Your Armour skill increases to level 7!
Your Necromancy skill increases to level 6!
The hornet is heavily wounded.
The spriggan rider seems to regain its courage.
You block the spriggan's attack.
PTOANNNG!
You block the hornet's attack.
GONNNNG!
Cornered, the spriggan turns to fight!
You block the spriggan's attack.
GONNNNG!
You slice the hornet!!
You kill the hornet!
Kikubaaqudgha accepts your kill.
Your Long Blades skill increases to level 7!
Cornered, the black bear turns to fight!
The spriggan rider hits you from afar with a spear!
You die...
Kikubaaqudgha rasps: "You have failed me!
Welcome... oblivion!"

▓.▓....▓.▓.▓....▓.▓
▓...©....▓...©....▓
▓▓▓▓▓▓▓▓▓▓▓▓▓▓▓▓▓▓▓
▓..8©8..▓ ▓..)||..▓
▓..)[|..▓ ▓.......▓
▓.......▓ ▓...ii@.▓
▓.i..)..▓ ▓.▓.i.▓.▓
▓h..©...▓ ▓▓▓▓▓▓▓▓▓


You could see 2 spriggan riders, a black bear and 2 spriggans.

Vanquished Creatures
  A hornet (D)
  2 slime creatures (D)
  A spriggan (D)
  A golden eye (D)
  2 floating eyes (D)
  A water moccasin (D)
  A phantom (D)
  A wight (D)
  5 jellies (D)
  An ooze (D)
  2 ball pythons (D)
  A leopard gecko skeleton (D)
  A leopard gecko zombie (D)
20 creatures vanquished.

Notes
Turn   | Place    | Note
-------+----------+-------------------------------------------
     0 | D        | Found the +6 Majin-Bo {vamp, Archmagi MP+6 Int+6}
     0 | D        | Found the +7 great mace "Firestarter" {inner flame, rF++}
     0 | D        | potatolord6000 the Mummy Fighter began the quest for the Orb.
     0 | D        | Reached XP level 1. HP: 18/18 MP: 1/1
     0 | D        | Found a blossoming altar of Fedhas.
     1 | D        | Found a transporter.
     1 | D        | Found a viscous altar of Jiyva.
     1 | D        | Found an ancient bone altar of Kikubaaqudgha.
     1 | D        | Found a hazy altar of Hepliaklqana.
     1 | D        | Found a corrupted altar of Lugonu.
     1 | D        | Found an opulent altar of Gozag.
     1 | D        | Found a burning altar of Makhleb.
     4 | D        | Found a stormy altar of Qazlal.
     4 | D        | Found a sacrificial altar of Ru.
     4 | D        | Found an iron altar of Okawaru.
     4 | D        | Found a deep blue altar of Sif Muna.
     4 | D        | Found a sparkling altar of Nemelex Xobeh.
     4 | D        | Found a bloodstained altar of Trog.
    12 | D        | Became a worshipper of Kikubaaqudgha
    16 | D        | Found the +9 heavy crossbow "Sniper" {velocity, Acc+∞ SInv}
    16 | D        | Found the +10 dark maul {crush}
    16 | D        | Found the +15 Maxwell's patent armour {-Cast -Tele rElec MR+ rCorr}
    16 | D        | Found the +18 shield of the Gong {rElec rN+ MR+ EV-5}
    16 | D        | Found the cursed +14 obsidian axe {chop, +Fly SInv *Curse}
    17 | D        | Found the +6 shillelagh "Devastator" {shatter}
    17 | D        | Found the +11 plutonium sword {*Contam Stlth-}
    17 | D        | Found the +8 lance "Wyrmbane" {slay drac, rPois rF+ rC+ AC+3}
    17 | D        | Found the +9 sword of Zonguldrok {reap}
    17 | D        | Found the cursed +13 scythe of Curses {drain, *Curse}
    17 | D        | Found the +0 sword of Power
    17 | D        | Found the -4 mace of Variability {chaos}
    17 | D        | Found the +7 Singing Sword
    17 | D        | Found the +7 longbow "Piercer" {penet, EV-2}
    86 | D        | Entered arena 2.
    86 | D        | Noticed a jelly
    86 | D        | Found a transporter.
    88 | D        | Killed a jelly
    88 | D        | Reached skill level 4 in Fighting
    88 | D        | Reached XP level 2. HP: 26/26 MP: 2/2
    88 | D        | Reached XP level 3. HP: 31/31 MP: 3/3
    96 | D        | Entered arena 3.
    96 | D        | Noticed a water moccasin
    96 | D        | Found a transporter.
   100 | D        | Killed a water moccasin
   100 | D        | Reached * piety under Kikubaaqudgha
   100 | D        | Identified Kikubaaqudgha's Almanac of Darkness (Kikubaaqudgha gifted it to you in the Dungeon)
   100 | D        | Received a gift from Kikubaaqudgha
   100 | D        | Reached skill level 5 in Fighting
   100 | D        | Reached XP level 4. HP: 40/40 MP: 4/4
   115 | D        | Learned a level 1 spell: Animate Skeleton
   122 | D        | Entered arena 4.
   122 | D        | Noticed a golden eye
   122 | D        | Found a transporter.
   128 | D        | Reached ** piety under Kikubaaqudgha
   128 | D        | Reached skill level 6 in Fighting
   128 | D        | Reached skill level 1 in Spellcasting
   128 | D        | Reached skill level 1 in Necromancy
   128 | D        | Reached XP level 5. HP: 46/46 MP: 4/7
   130 | D        | Reached skill level 5 in Armour
   130 | D        | Reached skill level 5 in Shields
   142 | D        | Killed a golden eye
   142 | D        | Reached skill level 7 in Fighting
   142 | D        | Reached skill level 5 in Long Blades
   142 | D        | Reached XP level 6. HP: 40/55 MP: 5/12
   227 | D        | Learned a level 4 spell: Control Undead
   231 | D        | Learned a level 3 spell: Vampiric Draining
   234 | D        | Entered arena 5.
   234 | D        | Found a transporter.
   240 | D        | Reached *** piety under Kikubaaqudgha
   240 | D        | Identified Kikubaaqudgha's Guide on Sinister Arts (Kikubaaqudgha gifted it to you in the Dungeon)
   240 | D        | Received a gift from Kikubaaqudgha
   250 | D        | Reached skill level 5 in Spellcasting
   265 | D        | Learned a level 6 spell: Death Channel
   269 | D        | Entered arena 6.
   269 | D        | Noticed a floating eye
   269 | D        | Noticed a slime creature
   269 | D        | Noticed a slime creature
   269 | D        | Noticed a floating eye
   269 | D        | Found a transporter.
   271 | D        | Paralysed by a floating eye for 2 turns
   273 | D        | Killed a floating eye
   273 | D        | Reached **** piety under Kikubaaqudgha
   273 | D        | Reached XP level 7. HP: 48/60 MP: 13/15
   276 | D        | Paralysed by a floating eye for 3 turns
   281 | D        | Killed a slime creature
   281 | D        | Reached skill level 8 in Fighting
   281 | D        | Reached skill level 5 in Necromancy
   282 | D        | Paralysed by a floating eye for 2 turns
   286 | D        | Killed a slime creature
   287 | D        | Paralysed by a floating eye for 2 turns
   289 | D        | Reached ***** piety under Kikubaaqudgha
   289 | D        | Reached XP level 8. HP: 46/69 MP: 15/18
   405 | D        | Learned a level 5 spell: Cigotuvi's Embrace
   405 | D        | Entered arena 7.
   405 | D        | Noticed a spriggan rider
   405 | D        | Noticed a spriggan rider
   405 | D        | Noticed a spriggan rider
   406 | D        | Found a transporter.
   426 | D        | Killed a hornet
   426 | D        | Slain by a spriggan rider

Vault maps used:
D:        sprint_v

Skill      XL: |  1  2  3  4  5  6  7  8 |
---------------+-------------------------+-----
Long Blades    | 3 4 5 6 7 |  7.1
Fighting       | 4 5 6 7 8 |  8.9
Armour         | 3 4 5 6 7 |  7.3
Shields        | 3 4 5 6 7 |  7.3
Spellcasting   | 1 4 5 7 |  7.8
Necromancy     | 1 3 4 5 6 |  6.4

Action                   |  1- 3 |  4- 6 |  7- 9 || total
-------------------------+-------+-------+-------++-------
Melee: Double sword      |     3 |    30 |    19 ||    52
Invok: Receive Corpses   |       |       |     1 ||     1
       Torment           |       |       |     1 ||     1
  Use: Scroll            |       |       |     3 ||     3
Armor: Crystal plate arm |     1 |    26 |    34 ||    61
Dodge: Dodged            |     1 |       |     2 ||     3
Block: Shield            |     3 |    46 |    55 ||   104
       Rpst.: Double sword |     1 |       |       ||     1

Table legend:
 A = Spawn XP
 B = Non-spawn XP
 C = Spawn XP percentage of total XP
 D = Spawn monster count
 E = Non-spawn monster count
 F = Spawn count percentage of total count
 G = Total turns spent on level
                    A         B        C        D         E        F      G
               +---------+---------+-------+---------+---------+-------+---------
         Total |       0 |    2026 |   0.0 |       0 |      20 |   0.0 |   426
               +---------+---------+-------+---------+---------+-------+---------
             D |       0 |    2026 |   0.0 |       0 |      20 |   0.0 |   426
               +---------+---------+-------+---------+---------+-------+---------
